AoeStats
← UMP master

Arabian Desert

508539616Analyzed
1v1 RM · 8d ago on Sep 22, 2026· 23m 17s· 2 players
Game mode
Random Map
Map size
Tiny (2 player)
Population
200
Speed
Normal
Resources
Standard
Victory
Conquest
Starting age
Dark Age
Ending age
Imperial Age
RankedLock teamsTeams togetherTeam positionsShared explorationLock speedFull tech treeHidden civsTurbo modeCheats
Victory
Defeat
🇩🇪 Ethiopians · Germany
1335
+16
🇪🇸 Persians · Spain
1335
-16
UMP master
7:13 Loom
9:50 Feudal Age
19:36 Castle Age
18:06 Double-Bit Axe
18:27 Horse Collar
19:50 Bloodlines
21:27 Town Watch
Secret_jed
1:19 Loom
7:28 Loom
9:35 Feudal Age
9:42 Man-at-Arms
11:19 Double-Bit Axe
14:43 Fletching
21:41 Castle Age
22:33 Bodkin Arrow
22:02 Crossbowman
23:07 Gold Mining
Connection lost

Rejoining the realm…

Still unreachable

The connection could not be restored.

Session expired

The server has moved on; the page needs a fresh start.